 Dungeon Crawl Stone Soup version 0.31-a0-840-g6d2ecbb638 (webtiles) character file.

Game seed: 16279446126561586523

82 Ijustatesigmund the Magician (level 4, -3/24 HPs)
             Began as a Deep Elf Fire Elementalist on Sept 27, 2023.
             Killed by divine providence
             ... invoked by an orc priest
              (14 damage)
             ... on level 4 of the Dungeon.
             The game lasted 00:03:55 (3049 turns).

Ijustatesigmund the Magician (DEFE)                 Turns: 3049, Time: 00:03:56

Health: -3/24      AC:  3    Str:  5    XL:     4   Next: 21%
Magic:  7/11       EV: 18    Int: 22    God:
Gold:   161        SH:  0    Dex: 15    Spells: 3/10 levels left

rFire   + . .        o - +0 dagger (elec)
rCold   x . .        (no shield)
rNeg    . . .        a - +0 robe
rPois   .            c - +0 helmet
rElec   .            (no cloak)
rCorr   .            (no gloves)
SInv    .            (no boots)
Will    .....        (no amulet)
Stlth   ++           n - +5 ring of evasion
HPRegen 0.24/turn    p - ring of fire
MPRegen 0.12/turn

%: no passive effects
@: no status effects
A: no striking features
a: no special abilities


You were on level 4 of the Dungeon.
You visited 1 branch of the dungeon, and saw 4 of its levels.

You collected 161 gold pieces.

Inventory:

Hand Weapons
 o - a +0 dagger of electrocution (weapon)
Armour
 a - a +0 robe (worn)
 c - a +0 helmet (worn)
Jewellery
 n - a +5 ring of evasion (left hand)
 p - a ring of fire (right hand)
Scrolls
 d - 2 scrolls of noise {unknown}
 e - a scroll of blinking {unknown}
 h - a scroll of enchant armour {unknown}
 i - a scroll of fog {unknown}
 j - a scroll of brand weapon {unknown}
 k - 2 scrolls of immolation {unknown}
 l - a scroll of poison {unknown}
 m - a scroll of teleportation {unknown}
Potions
 b - a potion of magic
 f - a potion of invisibility {unknown}
 g - a potion of mutation {unknown}
 q - a potion of lignification {unknown}
 r - 2 potions of berserk rage {unknown}
 s - a potion of haste {unknown}
 t - a potion of curing {unknown}


   Skills:
 + Level 0.1 Fighting
 - Level 3.1 Dodging
 - Level 3.2 Stealth
 + Level 3.9 Spellcasting
 + Level 2.2 Conjurations
 + Level 3.8 Fire Magic


You had 3 spell levels left.
You knew the following spells:

 Your Spells              Type           Power      Damage    Failure   Level
a - Foxfire               Conj/Fire      100%       2x1d9     3%          1
b - Scorch                Fire           62%        2d7       3%          2
c - Flame Wave            Conj/Fire      26%        2d8       32%         4

Your spell library contained the following spells:

 Spells                   Type           Power      Damage    Failure   Level
 Inner Flame              Hex/Fire       19%        N/A       16%         3
 Volatile Blastmotes      Fire/Tloc      38%        2d13      16%         3
 Lesser Beckoning         Tloc           8%         N/A       17%         2
 Gell's Gravitas          Tloc           4%         N/A       34%         3
 Teleport Other           Tloc           4%         N/A       34%         3


Dungeon Overview and Level Annotations

Branches:
Dungeon (4/15)
 Temple: D:4-7

Altars:


Message History

Casting: Foxfire (safe; 3% risk of failure)
Confirm with . or Enter, or press ? or * to list all spells.
You feel a surge of power!
You conjure some foxfire!
The orc completely misses you.
The foxfire hits the orc!
You kill the orc!
Your magical contamination has completely faded away.
You start resting.
Your foxfire dissipates!
You start resting.
Magic restored.
You start waiting.
Done waiting.
You climb downwards.
There is a stone staircase leading up here.
Casting: Foxfire (safe; 3% risk of failure)
Confirm with . or Enter, or press ? or * to list all spells.
You feel a surge of power!
You conjure some foxfire!
The foxfire hits the orc priest.
The orc priest is lightly wounded.
The foxfire hits the orc priest but does no damage.
The orc priest is lightly wounded.
The orc priest misses you.
Casting: Foxfire (safe; 3% risk of failure)
Confirm with . or Enter, or press ? or * to list all spells.
You feel a surge of power!
Flames lash the orc priest.
The orc priest is heavily wounded.
The orc priest's fire resistance burns away.
The orc completely misses you.
The orc priest mumbles some strange prayers to Beogh against you.
Beogh smites you!
Ouch! That really hurt!
The orc priest closely misses you. The orc misses you.
Casting: Scorch (safe; 3% risk of failure)
Confirm with . or Enter, or press ? or * to list all spells.
You feel a surge of power!
You conjure some foxfire!
The orc priest calls down the wrath of Beogh upon you.
Beogh smites you!
Ouch! That really hurt!
You die...

...........#
...........+
...........#
...........+
...........#
.........###
#...v....#
#..@v....#
#..o.....#
#...o....#
#........#
#........#
##.......#
..#.......#
.#.#.......#


You could see an orc priest (combustible, ally target) and an orc.

Vanquished Creatures
  3 adders
  A worm (D:2)
  A dart slug (D:3)
  3 orcs (D:3)
  6 endoplasms
  A giant cockroach (D:3)
  3 goblins (D:3)
  5 hobgoblins
  2 jackals
  3 kobolds
  3 quokkas
  4 ball pythons
  4 bats
  2 frilled lizards (D:1)
  2 rats (D:3)
43 creatures vanquished.

Vanquished Creatures (others)
  102 foxfires
102 creatures vanquished.

Grand Total: 145 creatures vanquished

Notes
Turn   | Place    | Note
-------+----------+-------------------------------------------
     0 | D:1      | Ijustatesigmund the Deep Elf Fire Elementalist began the
                  | quest for the Orb.
     0 | D:1      | Reached XP level 1. HP: 10/10 MP: 6/6
   540 | D:2      | Found a faded altar of an unknown god.
   551 | D:2      | Reached XP level 2. HP: 15/15 MP: 2/8
   730 | D:1      | Learned a level 2 spell: Scorch
  1105 | D:2      | Reached XP level 3. HP: 19/19 MP: 4/9
  2717 | D:3      | Reached XP level 4. HP: 24/24 MP: 8/11
  2722 | D:3      | Learned a level 4 spell: Flame Wave
  3049 | D:4      | Killed from afar by an orc priest

Illustrated notes

Levels and vault maps discovered:
D:1:      dpeg_arrival_arbitrary_c, layout_basic
D:2:      layout_loops_ring, basic_ecumenical_altar,
          nicolae_houndstooth_variations
D:3:      layout_basic
D:4:      layout_basic, fedhas_altar_3, kennysheep_mini_moat,
          mainiacjoe_overflow_alcove_4, uniq_ijyb

Skill      XL: |  1  2  3 |
---------------+----------+-----
Stealth        | 3 |  3.2
Dodging        | 3 |  3.1
Conjurations   | 2 |  2.2
Fighting       | |  0.1
Spellcasting   | |  3.9
Fire Magic     | |  3.8

Action                     |  1- 3 |  4- 6 || total
---------------------------+-------+-------++-------
   Cast: Foxfire           |    59 |     7 ||    66
         Scorch            |    17 |     3 ||    20
 Armour: Robe              |     6 |     1 ||     7
  Dodge: Dodged            |    14 |    13 ||    27

Table legend: (Time is in decaauts)
 A = Elapsed time spent in this place.
 B = Non-inter-level travel time spent in this place.
 C = Inter-level travel time spent in this place.
 D = Time resting spent in this place.
 E = Time spent auto-exploring this place.
 F = Levels seen in this place.
 G = Mean time per level.
                   A        B        C        D        E       F      G
               +--------+--------+--------+--------+--------+-----+--------+
         Total |   3047 |   2980 |     67 |    282 |   2364 |   4 |  761.8 |
       Dungeon |   3047 |   2980 |     67 |    282 |   2364 |   4 |  761.8 |
               +--------+--------+--------+--------+--------+-----+--------+

Top non-repeatable levels by time:
     D:3: 1321 daAuts
     D:2: 977 daAuts
     D:1: 735 daAuts
     D:4: 12 daAuts
